[Event "Titled Tuesday Blitz November 01 Late 2022"]
[White "Leitao, Rafael"]
[Black "Salman, Pavel"]
[WhiteFideId "2101246"]
[BlackFideId "24153753"]
[WhiteElo "2609"]
[BlackElo "2187"]
[Result "1-0"]
[Round "03"]
[TimeControl "180+1"]
[Date "2022.11.02"]
[WhiteClock "0:00:46"]
[BlackClock "0:01:01"]

1. c4 c5 2. Nf3 Nf6 3. Nc3 e6 4. e3 b6 5. d4 cxd4 6. exd4 Bb7 7. Be2 Be7 8. d5 exd5 9. cxd5 d6 10. O-O O-O 11. Nd4 Re8 12. Bf3 Bf8 13. Bg5 h6 14. Bh4 Nbd7 15. Nc6 Qc8 16. Rc1 Ba6 17. Re1 Rxe1+ 18. Qxe1 Qe8 19. Qd2 Ne5 20. Bxf6 Nxf3+ 21. gxf3 gxf6 22. Re1 Qd7 23. Qf4 Re8 24. Rxe8 Qxe8 25. Ne4 Bg7 26. Qxd6 f5 27. Ne7+ Kh8 28. Nxf5 Qg8 29. Neg3 Kh7 30. Qe7 Bd3 31. Nxg7 Qxg7 32. d6 1-0


[Site "https://www.chess.com"]

[Event "Titled Tuesday Blitz November 01 Late 2022"]
[White "Leschinsky, Gary"]
[Black "Bernat, David"]
[WhiteFideId "30951321"]
[BlackFideId "2099225"]
[WhiteElo "1855"]
[BlackElo "2280"]
[Result "0-1"]
[Round "03"]
[TimeControl "180+1"]
[Date "2022.11.02"]
[WhiteClock "0:00:50"]
[BlackClock "0:00:07"]

1. d4 Nf6 2. c4 e6 3. Nc3 Bb4 4. e3 O-O 5. Bd2 b6 6. Nf3 Bb7 7. a3 Be7 8. Bd3 d5 9. cxd5 Nxd5 10. Nxd5 Bxd5 11. O-O Nd7 12. e4 Bb7 13. Bc3 c5 14. d5 exd5 15. exd5 Nf6 16. Re1 Nxd5 17. Be5 Bf6 18. Qc2 g6 19. Bg3 Re8 20. Bb5 Rxe1+ 21. Rxe1 Qf8 22. h4 a6 23. Bd7 Rd8 24. Bg4 h5 25. Bh3 Qg7 26. Ne5 Re8 27. f4 Nxf4 28. Bxf4 Bxe5 29. Kh1 Bc6 30. Bg5 Bf6 31. Rd1 Bxg5 32. hxg5 Qe5 33. Qd2 Qe3 34. Qxe3 Rxe3 35. Rd6 Rxh3+ 36. Kg1 Bxg2 37. Kxg2 Rb3 38. Rd2 Kg7 39. Kh2 b5 40. Re2 b4 41. axb4 cxb4 42. Rd2 a5 43. Kg1 a4 44. Rd4 a3 45. bxa3 bxa3 46. Ra4 Rb5 47. Rxa3 Rxg5+ 48. Kh2 Rf5 49. Kh3 f6 50. Ra8 Kh6 51. Kh4 Rf4+ 52. Kg3 Kg5 53. Ra5+ Rf5 54. Ra6 Rb5 55. Kh3 Rb3+ 56. Kg2 f5 57. Ra2 Kg4 58. Kh2 f4 59. Kg2 g5 60. Kh2 h4 61. Kg2 Rg3+ 62. Kh2 Re3 63. Rf2 f3 64. Ra2 Re2+ 65. Rxe2 fxe2 66. Kg2 e1=Q 67. Kh2 Qe2+ 68. Kh1 Kg3 69. Kg1 Qe1# 0-1


[Site "https://www.chess.com"]

[Event "Titled Tuesday Blitz November 01 Late 2022"]
[White "Mahdavi, Reza"]
[Black "Santos Flores, Alberto"]
[WhiteFideId "12595926"]
[BlackFideId "3601234"]
[WhiteElo "2240"]
[BlackElo "2235"]
[Result "1-0"]
[Round "03"]
[TimeControl "180+1"]
[Date "2022.11.02"]
[WhiteClock "0:02:11"]
[BlackClock "0:00:28"]

1. e4 c5 2. Nf3 Nc6 3. Bb5 g6 4. O-O Bg7 5. Re1 Nf6 6. e5 Nd5 7. Nc3 Nc7 8. Bxc6 dxc6 9. Ne4 Ne6 10. d3 O-O 11. Be3 b6 12. Qd2 Nd4 13. Nxd4 cxd4 14. Bh6 c5 15. Qf4 Qd5 16. Nf6+ exf6 17. Bxg7 Bb7 18. f3 Kxg7 19. exf6+ Kh8 20. Re5 Qd6 21. Rae1 Rg8 22. Qg5 Bc6 23. Re7 Rae8 24. Kf2 Rxe7 25. Rxe7 Bd5 26. h4 Qh2 27. Qxd5 Qxh4+ 28. Kg1 Qxf6 29. Rxf7 Qh4 30. Qe5+ Rg7 31. Qxg7# 1-0


[Site "https://www.chess.com"]

[Event "Titled Tuesday Blitz November 01 Late 2022"]
[White "Makaraci, Tunahan"]
[Black "Sargsyan, Anna M."]
[WhiteFideId "6356559"]
[BlackFideId "13308130"]
[WhiteElo "2175"]
[BlackElo "2284"]
[Result "0-1"]
[Round "03"]
[TimeControl "180+1"]
[Date "2022.11.02"]
[WhiteClock "0:00:01"]
[BlackClock "0:00:12"]

1. e4 c6 2. d4 d5 3. exd5 cxd5 4. c4 Nf6 5. Nc3 Nc6 6. Bg5 Qa5 7. Bd2 Qb6 8. c5 Qd8 9. Bg5 Bf5 10. Nf3 e6 11. Bb5 Be7 12. O-O O-O 13. Re1 Rc8 14. a3 Ne4 15. Bxe7 Nxe7 16. Rc1 b6 17. b4 a5 18. Na4 bxc5 19. bxc5 Bg4 20. h3 Bh5 21. g4 Bg6 22. Nb6 Rc7 23. Ne5 f5 24. Nbd7 fxg4 25. Nxf8 Qxf8 26. Qe2 gxh3 27. Bd3 Bh5 28. Qe3 h2+ 29. Kxh2 Nf5 30. Qh3 Nxd4 31. Bxe4 dxe4 32. Qg3 Rxc5 33. Rxc5 Qxc5 34. Nd7 Qb5 35. Nf6+ Kf7 36. Nxe4 Nf3+ 37. Kh1 Qd5 38. Qf4+ Ke7 39. Rc1 g5 40. Rc7+ Kd8 41. Qf8+ Kxc7 42. Qg7+ Kb6 0-1


[Site "https://www.chess.com"]

[Event "Titled Tuesday Blitz November 01 Late 2022"]
[White "Maksimovic, Bojan"]
[Black "Al Hosani, Omran"]
[WhiteFideId "14408120"]
[BlackFideId "9308733"]
[WhiteElo "2447"]
[BlackElo "2167"]
[Result "1-0"]
[Round "03"]
[TimeControl "180+1"]
[Date "2022.11.02"]
[WhiteClock "0:00:05"]
[BlackClock "0:00:01"]

1. e4 c5 2. Nf3 Nc6 3. d4 cxd4 4. Nxd4 Nf6 5. Nc3 e5 6. Ndb5 d6 7. Nd5 Nxd5 8. exd5 Nb8 9. a4 Be7 10. Be2 O-O 11. O-O a6 12. Na3 Nd7 13. Kh1 f5 14. f4 a5 15. Nc4 e4 16. Be3 b6 17. c3 Ba6 18. Na3 Bxe2 19. Qxe2 Nc5 20. Bxc5 bxc5 21. Nc4 Qc7 22. g4 Qb7 23. Rad1 fxg4 24. Qxg4 Qa6 25. Qe6+ Rf7 26. Qxe4 Raf8 27. Kg2 Qb7 28. Rd2 Qd7 29. Ne3 Bf6 30. Qd3 Qxa4 31. Nc4 Qd7 32. Re2 Bg5 33. f5 Be7 34. Re6 g6 35. f6 Rxf6 36. Rfxf6 Rxf6 37. Qe4 Rxe6 38. dxe6 Qd8 39. Ne3 Bf8 40. Nd5 Qg5+ 41. Kf3 Qh5+ 42. Ke3 Bh6+ 43. Kd3 Qd1+ 44. Kc4 Qa4+ 45. b4 axb4 46. cxb4 Qa6+ 47. Kb3 Qa1 48. e7 cxb4 49. e8=Q+ 1-0


[Site "https://www.chess.com"]

[Event "Titled Tuesday Blitz November 01 Late 2022"]
[White "Manolache, Marius"]
[Black "Freile Martin, Javier"]
[WhiteFideId "1201530"]
[BlackFideId "3600165"]
[WhiteElo "2364"]
[BlackElo "2339"]
[Result "1-0"]
[Round "03"]
[TimeControl "180+1"]
[Date "2022.11.02"]
[WhiteClock "0:00:16"]
[BlackClock "0:00:01"]

1. d4 Nf6 2. c4 g6 3. Nc3 Bg7 4. Nf3 d6 5. e4 O-O 6. Be2 Qe8 7. O-O e5 8. d5 a5 9. Ne1 Nfd7 10. Nd3 Na6 11. Nb5 f5 12. f3 f4 13. g4 Bf6 14. Bd2 b6 15. a3 Ndc5 16. Nxc5 dxc5 17. Be1 Qe7 18. Bf2 Bd7 19. Nc3 Bh4 20. Qe1 Bxf2+ 21. Qxf2 g5 22. Kh1 Rf6 23. Rg1 Rh6 24. Bf1 Be8 25. Rb1 a4 26. Rd1 Nb8 27. d6 Rxd6 28. Nd5 Qg7 29. h4 h6 30. hxg5 hxg5 31. Kg2 Rh6 32. Bd3 Nc6 33. Rh1 Rxh1 34. Rxh1 Nd4 35. Qg1 Rd8 36. Qh2 Rd6 37. Bf1 Bc6 38. Ne7+ Kf8 39. Nd5 Bxd5 40. exd5 Nc2 41. Bd3 Ne3+ 42. Kg1 Rf6 43. Be4 Ke7 44. Qh5 Nxc4 45. Qh2 Nd6 46. Qc2 Nxe4 47. Qxe4 Qg6 48. Qxa4 Rd6 49. Qd1 1-0


[Site "https://www.chess.com"]

[Event "Titled Tuesday Blitz November 01 Late 2022"]
[White "Martinez Alcantara, Jose Eduardo"]
[Black "Makarian, Rudik"]
[WhiteFideId "3805662"]
[BlackFideId "44105681"]
[WhiteElo "3030"]
[BlackElo "2814"]
[Result "0-1"]
[Round "03"]
[TimeControl "180+1"]
[Date "2022.11.01"]
[WhiteClock "0:00:53"]
[BlackClock "0:00:12"]

1. e4 c5 2. Nf3 e6 3. c3 d5 4. exd5 Qxd5 5. d4 Nf6 6. Be3 cxd4 7. cxd4 Be7 8. Nc3 Qd6 9. Bc4 O-O 10. O-O a6 11. d5 e5 12. Nd2 Bf5 13. Bb3 Bd3 14. Re1 Nbd7 15. Bc2 Bxc2 16. Qxc2 Rac8 17. Qb3 b5 18. Nde4 Nxe4 19. Nxe4 Qg6 20. d6 Bxd6 21. Qd5 Bb4 22. Bd2 Bxd2 23. Qxd2 Nc5 24. Nxc5 Rxc5 25. b4 Rc2 26. Qd5 Qf6 27. Rf1 Rd8 28. Qb7 h5 29. a4 Qc6 30. Qe7 Qd6 31. Qh4 g6 32. axb5 axb5 33. h3 Rc4 34. Qg5 Rxb4 35. Rfe1 Re8 36. Ra7 Rd4 37. Qc1 Kg7 38. Qa1 b4 39. Ra6 Qd5 40. Ra5 Qd6 41. Ra6 Qd8 42. Ra5 Qf6 43. Qb2 Qf4 44. Rf1 Qe4 45. Rb5 Re7 46. Rb6 Rb7 47. Ra6 b3 48. Ra8 Qc2 49. Qa3 Rdb4 50. Qa5 Qc7 51. Qa1 b2 52. Qb1 Qc3 53. Rd8 Rc7 54. Rdd1 Qc2 55. Qa2 b1=Q 56. Rxb1 Qxa2 57. Rxb4 Qd2 58. Re4 Rc1 59. Ree1 Rxe1 60. Kh2 Rxf1 0-1


[Site "https://www.chess.com"]

[Event "Titled Tuesday Blitz November 01 Late 2022"]
[White "Martinez Molina, Carlos Alberto"]
[Black "Piesik, Piotr"]
[WhiteFideId "5122708"]
[BlackFideId "1136194"]
[WhiteElo "2212"]
[BlackElo "2323"]
[Result "0-1"]
[Round "03"]
[TimeControl "180+1"]
[Date "2022.11.02"]
[WhiteClock "0:00:05"]
[BlackClock "0:00:11"]

1. d4 c5 2. d5 e5 3. c4 d6 4. Nc3 Be7 5. g3 Bg5 6. e3 f5 7. Bg2 Nd7 8. f4 Bf6 9. e4 Ne7 10. Nf3 O-O 11. O-O a6 12. a4 exf4 13. Bxf4 Qc7 14. Qc2 Ng6 15. Bg5 Bxc3 16. exf5 Nge5 17. Qxc3 Rxf5 18. Bf4 Nxf3+ 19. Rxf3 Ne5 20. Bxe5 Rxe5 21. Raf1 Bg4 22. Rf4 Bh5 23. Bh3 h6 24. Be6+ Kh8 25. Qd3 Qe7 26. g4 Rg5 27. Kh1 Bg6 28. Qf3 Kh7 29. h4 Re5 30. h5 Bc2 31. Rf2 Qh4+ 32. Kg2 Re1 33. Rf1 Rxf1 34. Qxf1 Re8 35. Qc1 Bxa4 36. Qb1+ Kh8 37. Qg6 Rd8 38. Bf5 Kg8 39. Be6+ Kh8 40. Bf5 Kg8 41. Bc2 Bxc2 42. Qxc2 Re8 43. Qd2 Qe1 44. Qxe1 Rxe1 45. Rf2 Re4 0-1


[Site "https://www.chess.com"]

[Event "Titled Tuesday Blitz November 01 Late 2022"]
[White "Matinian, Nikita"]
[Black "Rustemov, Alexander"]
[WhiteFideId "24129100"]
[BlackFideId "4119002"]
[WhiteElo "2422"]
[BlackElo "2923"]
[Result "1/2-1/2"]
[Round "03"]
[TimeControl "180+1"]
[Date "2022.11.01"]
[WhiteClock "0:00:06"]
[BlackClock "0:01:04"]

1. e4 e6 2. d4 d5 3. Nc3 Bb4 4. Ne2 Nf6 5. e5 Nfd7 6. a3 Be7 7. b4 b6 8. Nf4 c5 9. dxc5 bxc5 10. Qh5 g6 11. Qh6 Nxe5 12. Bb5+ Bd7 13. O-O Bf8 14. Qh3 Bxb5 15. Nxb5 Qd7 16. Bb2 Bg7 17. Rfe1 Nbc6 18. bxc5 O-O 19. Nd6 Rab8 20. Bxe5 Nxe5 21. Rad1 Qc6 22. Nxe6 fxe6 23. Rxe5 Qxc5 24. Qxe6+ Kh8 25. Re2 Rf6 26. Nf7+ Kg8 27. Nh6+ Kh8 28. Nf7+ Kg8 29. Nh6+ Kh8 30. Nf7+ 1/2-1/2


[Site "https://www.chess.com"]

[Event "Titled Tuesday Blitz November 01 Late 2022"]
[White "McConnell, Griffin"]
[Black "Richter, Paul"]
[WhiteFideId "30942551"]
[BlackFideId "2046350"]
[WhiteElo "2335"]
[BlackElo "2575"]
[Result "1/2-1/2"]
[Round "03"]
[TimeControl "180+1"]
[Date "2022.11.02"]
[WhiteClock "0:00:07"]
[BlackClock "0:00:04"]

1. e4 c5 2. Nc3 a6 3. g3 b5 4. Bg2 Bb7 5. d3 Nf6 6. f4 e6 7. Nge2 b4 8. Nb1 d5 9. e5 Nfd7 10. O-O Be7 11. Be3 Nc6 12. Nd2 a5 13. d4 Ba6 14. Nf3 O-O 15. Re1 a4 16. h3 Rc8 17. Qd2 Bxe2 18. Qxe2 cxd4 19. Nxd4 Nxd4 20. Bxd4 Qc7 21. Rac1 Qc4 22. Qxc4 Rxc4 23. Bf2 Rfc8 24. Re2 Nc5 25. Kf1 Nd3 26. Rd1 Nxb2 27. Rdd2 Bc5 28. Ke1 Bxf2+ 29. Rxf2 Rc3 30. f5 Rxg3 31. fxe6 fxe6 32. Bf1 Re3+ 33. Rfe2 Rxe2+ 34. Bxe2 Nc4 35. Bg4 Nxd2 36. Bxe6+ Kf8 37. Bxc8 Nf3+ 38. Kf2 Nxe5 39. Ke3 Ke7 40. Kd4 Kd6 41. Ba6 Nc6+ 42. Ke3 Ke5 43. Bb5 Nd4 44. Bxa4 h5 45. Kd3 g5 46. Bd7 Nf5 47. c3 bxc3 48. Kxc3 g4 49. hxg4 hxg4 50. Kd3 g3 51. Ke2 Nd4+ 52. Kf1 Nc2 53. Kg2 Kf4 54. a4 Ne3+ 55. Kg1 d4 56. Bb5 Nd5 57. a5 Ke3 58. a6 d3 59. a7 d2 60. Ba4 Nb6 61. Bd1 Kf4 62. Kg2 Na8 63. Be2 Nc7 64. Bd1 Na8 65. Be2 Nc7 66. Bd1 Ke3 67. Kxg3 Kd3 68. Kf3 Kc3 69. Ke3 Kb4 70. Kxd2 Ka5 71. Bf3 Kb6 72. a8=Q Nxa8 1/2-1/2


[Site "https://www.chess.com"]

[Event "Titled Tuesday Blitz November 01 Late 2022"]
[White "Melikhov, Evgeny V."]
[Black "Khripachenko, Alexander"]
[WhiteFideId "4122046"]
[BlackFideId "54184975"]
[WhiteElo "2169"]
[BlackElo "2201"]
[Result "0-1"]
[Round "03"]
[TimeControl "180+1"]
[Date "2022.11.02"]
[WhiteClock "0:00:01"]
[BlackClock "0:02:16"]

1. d4 d5 2. c4 e6 3. Nc3 Be7 4. cxd5 exd5 5. Nf3 c6 6. Bf4 Bf5 7. e3 Qb6 8. Qb3 Qxb3 9. axb3 Nd7 10. h3 h6 11. Be2 Ngf6 12. O-O O-O 13. Rfc1 Rfe8 14. Na4 Bf8 15. Nc5 Nxc5 16. dxc5 Ne4 17. b4 a6 18. Nd4 Bd7 19. Bd3 g5 20. Bh2 Bg7 21. f3 Nd2 22. Bf5 Rxe3 23. Bxd7 Bxd4 24. Kh1 Nb3 25. Bg1 Re7 26. Bxd4 Nxd4 27. Bg4 f5 28. Bh5 Kg7 29. Re1 Kf6 30. Rxe7 Kxe7 31. Re1+ Kf6 32. Re3 Nc2 33. Rb3 Rd8 34. Kg1 Rd7 35. Kf2 Re7 36. g3 f4 37. gxf4 gxf4 38. Bg4 Kg5 39. Kg2 h5 40. h4+ Kxh4 41. Bc8 Kg5 42. Rc3 Nxb4 43. Kf2 a5 44. Ra3 Rc7 45. Bh3 Kf6 46. Rxa5 Ke5 47. Ra8 Nd3+ 48. Ke2 Nxc5 49. Rh8 Kd4 50. Rxh5 Re7+ 51. Kd2 Nd3 0-1


[Site "https://www.chess.com"]

[Event "Titled Tuesday Blitz November 01 Late 2022"]
[White "Melkumyan, Hrant"]
[Black "Timmermans, Mark"]
[WhiteFideId "13302485"]
[BlackFideId "1026399"]
[WhiteElo "2974"]
[BlackElo "2777"]
[Result "1-0"]
[Round "03"]
[TimeControl "180+1"]
[Date "2022.11.01"]
[WhiteClock "0:01:31"]
[BlackClock "0:01:32"]

1. c4 e5 2. e3 g6 3. Nc3 Bg7 4. Nf3 Ne7 5. d4 exd4 6. exd4 d5 7. Bg5 h6 8. Bh4 c6 9. cxd5 g5 10. Bg3 Nxd5 11. Bd3 O-O 12. O-O Bg4 13. h3 Bh5 14. Re1 Nxc3 15. bxc3 Nd7 16. Bf5 Nb6 17. Qd3 Qd5 18. Ne5 Rad8 19. Bh7+ Kh8 20. Be4 Qa5 21. Bf3 Bxf3 22. Qxf3 Kg8 23. h4 Qd5 24. Qh5 f6 25. Ng6 Qf7 26. Re7 1-0


[Site "https://www.chess.com"]

[Event "Titled Tuesday Blitz November 01 Late 2022"]
[White "Mendez Fortes, Eduardo Jesus"]
[Black "Krzyzanowski, Marcin"]
[WhiteFideId "3502376"]
[BlackFideId "1132199"]
[WhiteElo "2307"]
[BlackElo "2435"]
[Result "1-0"]
[Round "03"]
[TimeControl "180+1"]
[Date "2022.11.02"]
[WhiteClock "0:00:12"]
[BlackClock "0:00:13"]

1. e4 c5 2. Nf3 d6 3. d4 cxd4 4. Nxd4 Nf6 5. Nc3 a6 6. Bg5 Nbd7 7. Qe2 g6 8. O-O-O Bg7 9. f4 e5 10. Nf3 h6 11. Bh4 Qa5 12. Rxd6 O-O 13. fxe5 Ng4 14. Rd5 Qc7 15. h3 Ngxe5 16. Bg3 Re8 17. Qd1 b5 18. Nxe5 Nxe5 19. Rd2 Be6 20. Nd5 Qb7 21. Kb1 Rac8 22. c3 Nc4 23. Bxc4 bxc4 24. Bh4 Bxd5 25. Rxd5 Bxc3 26. Qc2 Rxe4 27. Rhd1 Rxh4 28. Rd8+ Rxd8 29. Rxd8+ Kh7 30. Qxc3 Qe4+ 31. Kc1 Qf4+ 32. Kd1 Qf1+ 33. Kc2 Qxg2+ 34. Kd1 Qg1+ 35. Kc2 Qg2+ 36. Kd1 Qf1+ 37. Kc2 g5 38. Qh8+ Kg6 39. Rd6+ f6 40. Qg8+ Kf5 41. Rxf6+ Kxf6 42. Qf8+ Ke5 43. Qxf1 Rf4 44. Qe2+ Re4 45. Qh5 Rh4 46. Qe8+ Kd4 47. Qd7+ Kc5 48. Qf5+ Kd4 49. a4 Rf4 50. Qe6 Rf2+ 51. Kb1 Rf4 52. Qxh6 c3 53. bxc3+ Kxc3 54. Qc6+ Kb3 55. Qd5+ Kxa4 56. Qxg5 Rc4 57. h4 Kb3 58. Qg3+ Rc3 59. Qxc3+ Kxc3 60. h5 a5 61. h6 a4 62. h7 Kb4 63. h8=Q Ka3 64. Ka1 Kb4 65. Qd4+ Kb3 66. Kb1 a3 67. Qd3+ Kb4 68. Ka2 Ka5 69. Qxa3+ Kb6 70. Qc3 Kb5 71. Kb3 Ka6 72. Qb4 Ka7 73. Kc4 Ka6 74. Kc5 Ka7 75. Kc6 Ka8 76. Qb7# 1-0


[Site "https://www.chess.com"]

[Event "Titled Tuesday Blitz November 01 Late 2022"]
[White "Mickiewicz, Piotr"]
[Black "Pinheiro, Iung Alicio de O."]
[WhiteFideId "1114891"]
[BlackFideId "2104350"]
[WhiteElo "2246"]
[BlackElo "2283"]
[Result "1-0"]
[Round "03"]
[TimeControl "180+1"]
[Date "2022.11.02"]
[WhiteClock "0:00:23"]
[BlackClock "0:00:33"]

1. e4 c5 2. Nf3 Nc6 3. Bc4 e6 4. d3 Na5 5. O-O a6 6. a4 Nxc4 7. dxc4 d6 8. a5 Bd7 9. Re1 Bc6 10. b3 Nf6 11. Nbd2 Be7 12. Bb2 e5 13. Qe2 O-O 14. g3 h6 15. Nh4 Bd7 16. Ng2 Nh7 17. Ne3 Qc8 18. Nd5 Bd8 19. Nf1 Ng5 20. f3 f5 21. exf5 Bxf5 22. Nfe3 Bg6 23. Rf1 Bh5 24. g4 Bg6 25. Rae1 Ne6 26. Ng2 Rf7 27. f4 Nxf4 28. Ngxf4 exf4 29. Nxf4 Bh7 30. Qe8+ Rf8 31. Qxf8+ Kxf8 32. Ng6+ 1-0


[Site "https://www.chess.com"]

[Event "Titled Tuesday Blitz November 01 Late 2022"]
[White "Milosevic, Milos"]
[Black "Saucey, Michel"]
[WhiteFideId "964875"]
[BlackFideId "601845"]
[WhiteElo "2321"]
[BlackElo "2253"]
[Result "1-0"]
[Round "03"]
[TimeControl "180+1"]
[Date "2022.11.02"]
[WhiteClock "0:00:34"]
[BlackClock "0:00:10"]

1. e4 c5 2. Nc3 Nc6 3. Nf3 e6 4. d4 cxd4 5. Nxd4 Qc7 6. Be3 a6 7. Qf3 Nxd4 8. Bxd4 b5 9. O-O-O Bb7 10. Bd3 Ne7 11. Kb1 Nc6 12. Be3 Rc8 13. Ne2 Ne5 14. Qg3 Nxd3 15. Qxc7 Rxc7 16. cxd3 d5 17. e5 Be7 18. Rc1 Kd7 19. Rxc7+ Kxc7 20. Rc1+ Kd7 21. d4 Rc8 22. Rxc8 Kxc8 23. Kc2 Kd7 24. Kc3 a5 25. a3 b4+ 26. axb4 Bxb4+ 27. Kc2 Ba6 28. Nc1 Kc6 29. Bd2 Kb5 30. Bc3 Be7 31. Nb3 a4 32. Nd2 Bc8 33. Kd3 Bd7 34. f4 Ka6 35. g4 Bb5+ 36. Ke3 Bc4 37. Nxc4 dxc4 38. Ke4 Kb5 39. d5 exd5+ 40. Kxd5 a3 41. bxa3 Bxa3 42. f5 g6 43. e6 fxe6+ 44. fxe6 Be7 45. Bd2 h5 46. g5 Bf8 47. h4 Be7 48. Bc3 Ba3 49. Bf6 c3 50. Bxc3 1-0


[Site "https://www.chess.com"]

[Event "Titled Tuesday Blitz November 01 Late 2022"]
[White "Miszler, Levente"]
[Black "Beerdsen, Thomas"]
[WhiteFideId "763276"]
[BlackFideId "1030108"]
[WhiteElo "2176"]
[BlackElo "2567"]
[Result "1-0"]
[Round "03"]
[TimeControl "180+1"]
[Date "2022.11.02"]
[WhiteClock "0:00:29"]
[BlackClock "0:00:05"]

1. Nf3 h6 2. c4 g5 3. h3 Bg7 4. Nc3 c5 5. d4 cxd4 6. Nxd4 d6 7. g3 Nf6 8. Bg2 a6 9. O-O O-O 10. e4 Nc6 11. Be3 Bd7 12. Rc1 Ne5 13. b3 g4 14. h4 Rc8 15. Nd5 Nxd5 16. exd5 Qa5 17. Qe2 b5 18. Bd2 Qxa2 19. Ra1 Qb2 20. Qe3 Qxd4 21. Qxd4 Nf3+ 22. Bxf3 Bxd4 23. Be2 Bxa1 24. Rxa1 Ra8 25. Bxh6 Rfb8 26. Be3 bxc4 27. bxc4 Rb2 28. Kf1 Bf5 29. c5 dxc5 30. Bxc5 Be4 31. Bxe7 Bxd5 32. Bf6 Rb4 33. Bc3 Re4 34. Bd3 Bc4 35. Bxc4 Rxc4 36. Bd2 Rc2 37. Be1 Rc5 38. Ba5 Rac8 39. Kg2 Rc1 40. Ra2 R8c2 41. Ra4 Rc4 42. Ra2 R1c2 43. Ra1 Rb2 44. Be1 Rc6 45. Ra4 f5 46. Ra5 Rb5 47. Ra4 Kh7 48. Bd2 Kg6 49. Be1 Re5 50. Bd2 Re4 51. Ra5 Re2 52. Be3 Kf6 53. Bg5+ Ke6 54. Be3 Rb2 55. h5 Rb5 56. Ra2 a5 57. h6 Kf7 58. Rd2 Kg6 59. Rd7 Rc8 60. Rg7+ Kh5 61. Rg5+ Kxh6 62. Rg8+ f4 63. Bxf4+ Kh5 64. Rxc8 a4 65. Ra8 a3 66. Rxa3 Rd5 67. Re3 Rc5 68. Re5+ 1-0


[Site "https://www.chess.com"]

[Event "Titled Tuesday Blitz November 01 Late 2022"]
[White "Moreno Perez, Tobias Sebastian"]
[Black "Zhigalko, Sergei"]
[WhiteFideId "186716"]
[BlackFideId "13502956"]
[WhiteElo "2533"]
[BlackElo "2662"]
[Result "0-1"]
[Round "03"]
[TimeControl "180+1"]
[Date "2022.11.02"]
[WhiteClock "0:00:01"]
[BlackClock "0:00:43"]

1. Nf3 d5 2. b3 Nf6 3. Bb2 e6 4. g3 a5 5. a3 c5 6. Bg2 Nc6 7. O-O a4 8. d4 axb3 9. cxb3 b6 10. Nbd2 Be7 11. e3 O-O 12. Qc2 Ba6 13. Rfd1 Rc8 14. dxc5 bxc5 15. Rac1 h6 16. Qb1 Qb6 17. Qa1 Rfd8 18. Ne5 Na5 19. b4 cxb4 20. Bd4 Qb8 21. axb4 Bxb4 22. Rb1 Qd6 23. Ndf3 Be2 24. Rxb4 Qxb4 25. Rb1 Nb3 26. Qb2 Bc4 27. Nxc4 dxc4 28. Bxf6 gxf6 29. Qxf6 Qf8 30. Ne5 Qg7 31. Qf4 c3 32. Ng4 c2 33. Nxh6+ Qxh6 0-1


[Site "https://www.chess.com"]

[Event "Titled Tuesday Blitz November 01 Late 2022"]
[White "Mortazavi, Ali"]
[Black "Winkels, Marcel"]
[WhiteFideId "401323"]
[BlackFideId "1003887"]
[WhiteElo "2339"]
[BlackElo "1900"]
[Result "1-0"]
[Round "03"]
[TimeControl "180+1"]
[Date "2022.11.02"]
[WhiteClock "0:00:17"]
[BlackClock "0:00:05"]

1. e4 d6 2. d4 Nf6 3. Nc3 e5 4. Nf3 Nbd7 5. Bc4 Be7 6. a4 c6 7. a5 h6 8. Ba2 O-O 9. O-O Re8 10. Re1 Bf8 11. Nh4 exd4 12. Qxd4 Nc5 13. Ng6 Be6 14. Nxf8 Kxf8 15. Bf4 Bxa2 16. Bxd6+ Kg8 17. Bxc5 Be6 18. Bxa7 Qxd4 19. Bxd4 Rad8 20. Bxf6 gxf6 21. Rad1 f5 22. f3 fxe4 23. Nxe4 Kg7 24. Nd6 Rf8 25. Nxb7 Ra8 26. Nc5 Bd5 27. b4 Rfb8 28. Rd4 Re8 29. Rxe8 Rxe8 30. c4 Be6 31. Rd6 Bxc4 32. Rxc6 Rb8 33. Rb6 Rd8 34. Kf2 h5 35. h4 Rd2+ 36. Kg3 Bf1 37. a6 Rxg2+ 38. Kf4 Ra2 39. b5 f6 40. Ne4 Ra4 41. Rb7+ Kg6 42. Ke3 Ra3+ 43. Kd4 Be2 44. Rb6 Bxf3 45. Rxf6+ Kg7 46. Rxf3 Rxf3 47. a7 Ra3 48. b6 Ra6 49. b7 Rxa7 50. b8=Q Rd7+ 51. Ke5 Re7+ 52. Kf5 Rf7+ 53. Kg5 Re7 54. Qd6 Rf7 55. Qh6+ Kg8 56. Nf6+ Rxf6 57. Qxf6 1-0


[Site "https://www.chess.com"]

[Event "Titled Tuesday Blitz November 01 Late 2022"]
[White "Naroditsky, Daniel"]
[Black "Boruchovsky, Avital"]
[WhiteFideId "2026961"]
[BlackFideId "2800055"]
[WhiteElo "3114"]
[BlackElo "2832"]
[Result "0-1"]
[Round "03"]
[TimeControl "180+1"]
[Date "2022.11.01"]
[WhiteClock "0:00:52"]
[BlackClock "0:00:04"]

1. d4 d5 2. Nc3 e6 3. e4 Bb4 4. exd5 exd5 5. Bd3 Nc6 6. a3 Bxc3+ 7. bxc3 Nge7 8. Qf3 Be6 9. Ne2 Qd7 10. Nf4 Bf5 11. O-O O-O-O 12. Rb1 g5 13. Ne2 f6 14. Ng3 Bxd3 15. cxd3 Rhf8 16. a4 g4 17. Qd1 Ng6 18. Qb3 Na5 19. Qb4 b6 20. Nh5 Qf5 21. Ng7 Qd7 22. Bh6 Rf7 23. Nh5 Qf5 24. Ng7 Qxd3 25. Rfe1 Qc4 26. Qb2 f5 27. Qc2 f4 28. Ne6 Re8 29. Ng5 Rfe7 30. Rxe7 Rxe7 31. Nxh7 Qe2 32. Qxe2 Rxe2 33. Nf6 g3 34. hxg3 fxg3 35. fxg3 Nc4 36. Nxd5 Ra2 37. Rf1 Kd7 38. Rf6 c6 39. Nxb6+ axb6 40. Rxg6 Rxa4 41. g4 Ra3 42. g5 Rxc3 43. Rf6 Nd6 44. g6 Ne8 45. Rf7+ Ke6 46. g7 Kxf7 0-1


[Site "https://www.chess.com"]

[Event "Titled Tuesday Blitz November 01 Late 2022"]
[White "Novik, Maxim"]
[Black "Mekhitarian, Krikor Sevag"]
[WhiteFideId "4102924"]
[BlackFideId "2107660"]
[WhiteElo "2312"]
[BlackElo "2614"]
[Result "1-0"]
[Round "03"]
[TimeControl "180+1"]
[Date "2022.11.02"]
[WhiteClock "0:00:25"]
[BlackClock "0:00:01"]

1. e4 c6 2. d4 d5 3. exd5 cxd5 4. Bd3 Nc6 5. c3 Qc7 6. h3 e5 7. dxe5 Nxe5 8. Nf3 Bd6 9. Nxe5 Bxe5 10. O-O Nf6 11. Nd2 O-O 12. Nf3 Bd6 13. Be3 Bd7 14. Re1 Rfe8 15. Qc2 Rac8 16. Bd4 Ne4 17. Bxe4 Rxe4 18. Rxe4 dxe4 19. Qxe4 Re8 20. Qh4 f6 21. Qh5 Qc4 22. b3 Qd3 23. Qd5+ Re6 24. Re1 Qf5 25. Qxf5 Rxe1+ 26. Nxe1 Bxf5 27. Bxa7 Bb1 28. a4 Bf4 29. Be3 Be5 30. Bd4 Bf4 31. a5 Kf7 32. Kf1 Ke6 33. Ke2 Ba2 34. Nd3 Bd6 35. b4 Bc4 36. Ke3 Kd5 37. Nc1 g5 38. g3 f5 39. Ne2 h6 40. Bg7 h5 41. Bd4 Bc7 42. h4 f4+ 43. gxf4 gxh4 44. Be5 Bxe5 45. fxe5 Kxe5 46. Nd4 h3 47. f4+ Kd5 48. Nf3 Bb3 49. f5 Bd1 50. b5 1-0


[Site "https://www.chess.com"]

[Event "Titled Tuesday Blitz November 01 Late 2022"]
[White "Omelja, Artem"]
[Black "Lopez Del Alamo, Antonio"]
[WhiteFideId "14119846"]
[BlackFideId "2227339"]
[WhiteElo "2403"]
[BlackElo "2175"]
[Result "1-0"]
[Round "03"]
[TimeControl "180+1"]
[Date "2022.11.02"]
[WhiteClock "0:00:11"]
[BlackClock "0:00:01"]

1. d4 Nf6 2. c4 g6 3. Nc3 Bg7 4. e4 d6 5. Nge2 O-O 6. f3 c5 7. Be3 cxd4 8. Nxd4 Nc6 9. Be2 Nxd4 10. Bxd4 a5 11. O-O Bd7 12. Qd2 a4 13. Rfd1 Bc6 14. Rac1 Qa5 15. Kf1 Nd7 16. Be3 Rfc8 17. Rc2 Nc5 18. Bxc5 Qxc5 19. Rdc1 Qh5 20. Kg1 Bh6 21. f4 Qc5+ 22. Kf1 e5 23. Nd5 exf4 24. Ne7+ Kf8 25. Nxc8 Rxc8 26. Bf3 Bg7 27. Rd1 Be5 28. b4 axb3 29. axb3 Qa3 30. Qd3 Ra8 31. h3 Qb4 32. Rb1 Ra3 33. Qd2 Qc5 34. b4 Qa7 35. b5 Bd7 36. c5 Be6 37. cxd6 1-0


[Site "https://www.chess.com"]

[Event "Titled Tuesday Blitz November 01 Late 2022"]
[White "Ozdemir, Serhan Berat"]
[Black "Barash, Anton"]
[WhiteFideId "6374611"]
[BlackFideId "30935229"]
[WhiteElo "2016"]
[BlackElo "2257"]
[Result "1-0"]
[Round "03"]
[TimeControl "180+1"]
[Date "2022.11.02"]
[WhiteClock "0:01:59"]
[BlackClock "0:02:39"]

1. e4 e6 2. d4 d5 3. Nd2 Nc6 4. Ngf3 Nf6 5. e5 Nd7 6. Bb5 a6 7. Bxc6 bxc6 8. c4 c5 9. cxd5 exd5 10. O-O cxd4 11. Nxd4 c5 12. Nf5 Nxe5 13. Re1 Bxf5 14. Rxe5+ Be6 15. Qh5 Bd6 16. Rxe6+ Kd7 17. Qxf7+ 1-0


[Site "https://www.chess.com"]